AoeStats
← Red Hood

MegaRandom

510547759Analyzed
4v4 RM · 24h ago on Oct 1, 2026· 67m 44s· 8 players
Game mode
Random Map
Map size
Large (8 player)
Population
200
Speed
Normal
Resources
Standard
Victory
Conquest
Starting age
Dark Age
Ending age
Imperial Age
RankedLock teamsTeams togetherTeam positionsShared explorationLock speedFull tech treeHidden civsTurbo modeCheats
Victory
Defeat
🇨🇳 Franks · China
794
+14
🇨🇿 Persians · Czechia
786
+15
🇹🇼 Celts · Taiwan
708
+18
🇨🇳 Portuguese · China
689
+19
🇵🇪 Byzantines · Peru
772
-17
🇫🇷 Franks · France
767
-17
🇷🇴 Portuguese · Romania
750
-16
🇨🇱 Khmer · Chile
736
-16
Ryusuke
7:05 Loom
12:36 Feudal Age
14:12 Wheelbarrow
14:52 Double-Bit Axe
21:20 Castle Age
19:40 Scale Barding Armor
22:50 Hand Cart
22:47 Bow Saw
23:12 Husbandry
23:34 Chain Barding Armor
28:16 Gold Mining
32:28 Forging
44:36 Imperial Age
53:41 Cavalier
59:47 Caravan
63:10 Iron Casting
63:11 Plate Barding Armor
63:12 Conscription
64:47 Paladin
Laserotron
11:55 Feudal Age
13:10 Wheelbarrow
12:23 Double-Bit Axe
12:19 Horse Collar
12:32 Gold Mining
12:48 Stone Mining
16:32 Fishing Lines
21:32 Castle Age
22:25 Medium Warships
22:09 Gillnets
22:31 Bow Saw
23:17 Stone Shaft Mining
23:06 Heavy Plow
26:38 Hand Cart
32:32 Imperial Age
33:42 Loom
36:42 Scale Barding Armor
36:05 Cavalier
36:46 Husbandry
37:20 Bloodlines
38:30 Two-Man Saw
38:02 Crop Rotation
41:17 Chain Barding Armor
45:43 Coinage
45:17 Caravan
45:34 Guilds
52:43 Banking
53:11 Plate Barding Armor
Stian_sv
0:50 Loom
12:56 Feudal Age
13:22 Double-Bit Axe
13:18 Horse Collar
13:29 Gold Mining
13:30 Stone Mining
14:43 Wheelbarrow
19:48 Castle Age
22:54 Bow Saw
22:46 Heavy Plow
24:37 Hand Cart
26:02 Stone Shaft Mining
26:04 Gold Shaft Mining
32:49 Imperial Age
30:04 Treadmill Crane
30:20 Murder Holes
33:59 Crop Rotation
34:31 Two-Man Saw
35:07 Scale Barding Armor
35:13 Forging
35:27 Elite Cataphract
36:07 Greek Fire
37:02 Caravan
37:33 Coinage
40:05 Logistica
40:52 Banking
40:32 Guilds
48:00 Elite Varangian Guard
Jx
0:31 Loom
14:42 Feudal Age
17:26 Wheelbarrow
16:36 Town Watch
16:42 Double-Bit Axe
16:38 Horse Collar
22:05 Castle Age
23:16 Hand Cart
28:44 Heavy Plow
30:10 Fervor
30:56 Bow Saw
35:44 Imperial Age
34:32 Fletching
34:49 Scale Barding Armor
34:54 Forging
34:57 Fortified Wall
35:07 Ballistics
34:57 Masonry
34:43 Murder Holes
36:46 Heated Shot
37:57 Chemistry
37:27 Architecture
37:02 Siege Engineers
38:34 Guard Tower
38:55 Clinker Construction
38:56 Careening
38:46 Bodkin Arrow
39:12 Chain Barding Armor
39:27 Iron Casting
38:54 Scale Mail Armor
38:54 Padded Archer Armor
38:16 Pikeman
38:42 Arson
39:28 Crop Rotation
38:52 Stone Mining
38:52 Gold Mining
40:29 Hand Cart
40:15 Town Patrol
42:39 Conscription
42:55 Hoardings
42:21 Tusk Swords
45:07 Carvel Hull
45:08 Dry Dock
45:24 Keep
44:54 Bracer
45:56 Blast Furnace
45:32 Plate Barding Armor
45:12 Chain Mail Armor
45:12 Leather Archer Armor
44:29 Elite Cannon Galleon
45:24 Medium Warships
48:22 Heavy Warships
58:18 Ring Archer Armor
57:58 Siphons
64:03 Halberdier
Salas
10:54 Feudal Age
11:17 Double-Bit Axe
12:00 Horse Collar
18:39 Castle Age
29:06 Imperial Age
27:43 Pikeman
28:24 Squires
28:51 Ballistics
30:57 Chemistry
30:36 Husbandry
33:42 Bloodlines
32:58 Cavalier
35:43 Savar
53:35 Forging
53:31 Scale Barding Armor
54:31 Caravan
55:17 Iron Casting
55:03 Chain Barding Armor
64:12 Blast Furnace
63:53 Plate Barding Armor
66:56 Conscription
67:04 Heavy Plow
67:17 Bow Saw
幻幻
16:17 Feudal Age
18:31 Gold Mining
18:28 Double-Bit Axe
20:55 Castle Age
22:25 Gold Shaft Mining
22:04 Bow Saw
28:30 Medium Warships
29:50 Wheelbarrow
32:46 Hand Cart
33:54 Clinker Construction
33:55 Careening
34:10 Ballistics
35:05 Town Watch
36:03 Town Patrol
40:12 Imperial Age
38:52 Demolition Ship
40:46 Fletching
41:38 Dry Dock
44:25 Conscription
44:26 Stone Mining
45:04 Carvel Hull
44:44 Bodkin Arrow
44:33 Horse Collar
47:03 Shipwright
47:23 Heavy Warships
47:49 Heavy Demolition Ship
51:10 Stronghold
53:34 Murder Holes
53:29 Arrowslits
54:03 Loom
56:02 Sappers
57:14 Hoardings
58:49 Guard Tower
61:36 Arson
61:57 Heavy Plow
62:39 Keep
66:03 Husbandry
65:30 Light Cavalry
story
8:58 Loom
11:55 Feudal Age
16:31 Castle Age
16:09 Double-Bit Axe
19:07 Bow Saw
27:40 Husbandry
31:27 Imperial Age
31:02 Wheelbarrow
30:12 Town Watch
30:36 Scale Barding Armor
30:41 Forging
31:13 Town Patrol
32:10 Hand Cart
32:11 Cavalier
33:17 Chain Barding Armor
34:58 Plate Barding Armor
34:58 Iron Casting
35:23 Gold Mining
35:24 Stone Mining
38:04 Chemistry
37:15 Fortified Wall
39:05 Blast Furnace
39:10 Coinage
38:41 Caravan
38:44 Paladin
39:47 Conscription
39:28 Chivalry
41:21 Banking
40:49 Capped Ram
41:45 Pikeman
42:11 Arson
42:28 Squires
43:33 Light Cavalry
44:19 Halberdier
46:27 Masonry
46:22 Siege Engineers
45:58 Treadmill Crane
46:13 Murder Holes
46:39 Ballistics
46:05 Arrowslits
46:25 Scale Mail Armor
46:25 Padded Archer Armor
46:16 Fletching
47:18 Ordonnance Companies
47:19 Elite Throwing Axeman
48:35 Hoardings
48:19 Leather Archer Armor
48:00 Bodkin Arrow
48:20 Chain Mail Armor
48:39 Architecture
48:00 Guard Tower
48:16 Siphons
48:22 Clinker Construction
48:24 Careening
47:41 Heavy Scorpion
47:41 Onager
50:33 Fishing Lines
51:58 Gambesons
51:33 Man-at-Arms
53:09 Gillnets
53:32 Medium Warships
52:44 Demolition Ship
67:00 Gold Shaft Mining
Red Hood
12:49 Feudal Age
14:02 Double-Bit Axe
18:29 Castle Age
22:20 Bow Saw
24:26 Horse Collar
25:34 Circumnavigation
30:22 Gold Mining
33:27 Imperial Age
34:46 Ballistics
35:27 Chemistry
38:29 Arquebus
39:18 Loom
40:15 Bloodlines
40:07 Husbandry
39:29 Cavalier
41:02 Forging
40:57 Scale Barding Armor
43:02 Coinage
45:10 Banking
46:05 Siege Engineers
45:55 Murder Holes
46:11 Masonry
46:22 Bombard Tower
47:35 Fortified Wall
47:10 Treadmill Crane
48:48 Architecture
48:23 Guard Tower
48:24 Heated Shot
49:24 Caravan
51:48 Elite Caravel
Connection lost

Rejoining the realm…

Still unreachable

The connection could not be restored.

Session expired

The server has moved on; the page needs a fresh start.